Map: Ruby Rock LE

Players

Cypem - Winner!

  • Race: Zerg Zerg
  • League: Grandmaster
  • Spawn Location: 5:00

A.I. 1 (Very Easy)

  • Race: Protoss Protoss
  • Spawn Location: 11:00

VOD

https://www.patreon.com/c/zergsgroundzero/posts

Description

Time

  • Played on: Feb. 7, 2026, 9:59 a.m.
  • Length: 10:10
Show
View Real Time Build Order
Export as new Build Order

Cypem Zerg - Winner!

Build Orders: Hatch First, Lurkers 

Get SALT Encoding   

  12  0:00  Drone  
  13  0:08  Drone  
  14  0:14  Extractor, Drone  
  15  0:21  Overlord  
  15  0:40  Drone  
  16  0:45  Hatchery  
  16  0:49  Drone  
  16  0:53  Drone  
  16  0:56  Drone  
  18  1:07  Extractor  
  17  1:11  Spawning Pool  
  17  1:14  Drone  
  17  1:18  Drone  
  18  1:26  Drone  
  19  1:38  Drone  
  20  1:48  Drone  
  21  1:58  Queen x2  
  21  1:59  Overlord  
  21  2:01  Zergling x2  
  26  2:08  Drone  
  27  2:09  Drone  
  27  2:12  Metabolic Boost  
  28  2:18  Drone  
  28  2:20  Drone  
  30  2:29  Drone  
  31  2:30  Drone  
  31  2:34  Queen  
  34  2:43  Hatchery  
  33  2:47  Overlord  
  33  2:49  Drone  
  34  2:51  Drone  
  35  3:01  Drone  
  36  3:07  Drone  
  36  3:08  Drone x2  
  36  3:09  Drone x3  
  36  3:11  Drone  
  43  3:17  Queen  
  45  3:22  Spore Crawler  
  45  3:24  Drone x2  
  46  3:29  Queen  
  46  3:34  Spore Crawler  
  47  3:36  Overlord  
  47  3:41  Zergling x6  
  47  3:43  Zergling x2  
  47  3:44  Zergling x2  
  47  3:47  Overlord  
  52  3:59  Drone x2  
  52  4:00  Drone x3  
  57  4:07  Overlord  
  57  4:08  Drone x2  
  59  4:11  Drone x5  
  59  4:17  Drone x2  
  66  4:20  Drone, Spore Crawler  
  66  4:22  Drone  
  67  4:28  Lair, Extractor  
  67  4:29  Drone, Extractor  
  66  4:33  Roach Warren, Drone  
  66  4:35  Drone  
  67  4:42  Drone  
  67  4:43  Drone  
  67  4:44  Hatchery  
  68  4:46  Drone x2  
  68  4:47  Drone  
  68  4:48  Drone  
  68  4:50  Drone  
  68  4:52  Drone x2  
  75  4:54  Overlord  
  75  4:58  Drone  
  76  5:01  Evolution Chamber  
  76  5:04  Overlord  
  76  5:05  Drone  
  76  5:06  Drone  
  77  5:07  Drone x2  
  77  5:08  Extractor  
  77  5:09  Drone  
  77  5:10  Drone x2  
  81  5:15  Overlord  
  81  5:16  Drone  
  81  5:17  Drone x4  
  81  5:20  Extractor  
  81  5:21  Overlord  
  85  5:22  Extractor  
  85  5:26  Overlord  
  85  5:27  Hydralisk Den, Zergling x2  
  84  5:29  Zergling x6  
  84  5:31  Zerg Missile Weapons Level 1  
  87  5:39  Infestation Pit, Overlord  
  86  5:45  Overlord  
  86  5:48  Drone x2  
  86  5:49  Drone x6  
  95  5:50  Drone x2  
  95  5:56  Grooved Spines, Extractor  
  95  5:57  Overlord, Zergling x2  
  95  5:58  Extractor  
  95  5:59  Zergling x2  
  96  6:07  Drone x2  
  96  6:08  Drone x3  
  100  6:14  Drone x2  
  100  6:15  Hive  
  100  6:18  Hydralisk x2, Lurker Den  
  101  6:20  Overlord  
  101  6:22  Hydralisk  
  101  6:23  Hydralisk  
  109  6:26  Hydralisk  
  111  6:37  Hydralisk x6  
  123  6:40  Overlord  
  123  6:43  Overlord  
  123  6:44  Drone x3  
  123  6:46  Muscular Augments  
  126  6:47  Drone x3  
  126  6:48  Hydralisk  
  126  6:50  Hydralisk  
  133  6:57  Hydralisk x3  
  139  7:01  Hydralisk x3  
  139  7:08  Hydralisk x3  
  151  7:20  Overlord  
  151  7:29  Viper x3  
  160  7:33  Zerg Missile Weapons Level 2  
  160  7:38  Hatchery  
  160  7:42  Seismic Spines  
  159  7:50  Overlord, Hydralisk  
  159  7:51  Hydralisk  
  161  7:52  Overlord  
  163  8:01  Hydralisk x5  
  173  8:14  Lurker x3  
  173  8:19  Lurker  
  177  8:24  Lurker  
  178  8:28  Lurker  
  179  8:39  Adaptive Talons  
  179  8:41  Lurker x2  
  179  8:42  Lurker  
  179  8:43  Overlord  
  179  8:45  Extractor  
  179  8:48  Overlord  
  181  8:49  Hydralisk x3  
  181  8:53  Overseer  
  181  8:54  Overseer  
  187  8:56  Overseer  
  187  8:58  Extractor, Overseer  
  187  9:02  Overseer  
  186  9:15  Zergling x26  
  199  9:21  Evolution Chamber  
  198  9:24  Zergling x2  
Show
View Real Time Build Order
Export as new Build Order

A.I. 1 (Very Easy) Protoss 

Build Orders:  

Get SALT Encoding   

  12  0:00  Probe  
  13  0:13  Probe  
  14  0:20  Pylon  
  14  0:36  Assimilator  
  14  0:43  Gateway  
  14  0:45  Pylon  
  14  1:13  Assimilator  
  14  1:17  Probe  
  14  1:25  Probe  
  16  1:33  Probe  
  16  1:34  Cybernetics Core  
  17  1:43  Probe  
  18  1:55  Probe  
  18  2:00  Warp Gate  
  19  2:03  Probe  
  19  2:07  Stalker  
  22  4:15  Probe  
  22  5:42  Zealot  
  23  5:43  Probe  
  23  5:45  Pylon  
  23  5:47  Robotics Facility  
  24  5:55  Probe  
  25  6:07  Probe  
  24  6:16  Probe  
  24  6:24  Probe  
  26  6:34  Probe  
  26  6:36  Pylon, Observer  
  26  6:37  Zealot  
  30  6:54  Observer  
  31  7:08  Nexus  
  31  7:32  Stalker  
  33  8:21  Probe  
  34  8:27  Probe  
  34  8:32  Assimilator  
  34  8:34  Assimilator, Probe  
  35  8:39  Probe  
  36  8:46  Probe  
  38  8:57  Probe  
  39  9:04  Probe  
  40  9:11  Probe  
  41  9:19  Probe  
  40  9:24  Stalker  
  36  9:34  Probe  
  21  9:46  Probe  
  21  9:50  Pylon  
  20  9:53  Stalker  
Tags
 
Composition
Lurkers
Matchup
PvZ
Spawn Locations
Cross Positions
Add a new tag
Caveats
  • Supply blocks, unpowered buildings, or Contaminate may cause inaccurate times.
  • Supply counts are checked every 10 seconds.